 Dungeon Crawl Stone Soup version 0.25.1-8-g42b30a86e7 (webtiles) character file.

Game seed: 7788313002487557925

26 Destapler the Grave Robber (level 2, -2/22 HPs)
             Began as a Deep Dwarf Necromancer on Dec 21, 2020.
             Slain by a scorpion (3 damage)
             ... on level 2 of the Dungeon.
             The game lasted 00:03:00 (1275 turns).

Destapler the Grave Robber (Deep Dwarf Necromancer) Turns: 1275, Time: 00:03:01

Health: -2/22      AC:  3    Str: 11    XL:     2   Next: 89%
Magic:  1/5        EV: 12    Int: 15    God:
Gold:   29         SH:  0    Dex: 13    Spells: 6/7 levels left

rFire    . . .     SeeInvis .   e - +0 whip
rCold    . . .     Gourm    .   (no shield)
rNeg     . . .     Faith    .   a - +0 robe
rPois    .         Spirit   .   (no helmet)
rElec    .         Reflect  .   (no cloak)
rCorr    .         Harm     .   f - +0 pair of gloves
MR       .....                  (no boots)
Stlth    +++.......             (no amulet)
HPRegen  0.00/turn              g - ring of stealth
MPRegen  0.09/turn              (no ring)

@: lethally poisoned (-2 -> -2), non-regenerating
A: damage resistance, heal wounds, sense surroundings 1, no regeneration
a: Heal Wounds


You were on level 2 of the Dungeon.
You were hungry.

You visited 1 branch of the dungeon, and saw 2 of its levels.

You collected 29 gold pieces.

Inventory:

Hand Weapons
 b - a +0 club
 e - a +0 whip (weapon)
Armour
 a - a +0 robe (worn)
 f - a +0 pair of gloves (worn)
Jewellery
 g - a ring of stealth (left hand)
Potions
 h - 2 potions of heal wounds {unknown}
Comestibles
 c - 4 rations
 d - 2 chunks of flesh


   Skills:
 - Level 2.1 Dodging
 - Level 2.4 Stealth
 + Level 3.0 Spellcasting
 - Level 4.3 Necromancy


You had 6 spell levels left.
You knew the following spells:

 Your Spells              Type           Power        Failure   Level  Hunger
a - Pain                  Necr           ###.         3%          1    #......

Your spell library contained the following spells:

 Spells                   Type           Power        Failure   Level  Hunger
 Animate Skeleton         Necr           N/A          3%          1    #......
 Vampiric Draining        Necr           ###.......   10%         3    ###....
 Animate Dead             Necr           N/A          32%         4    #####..
 Agony                    Necr           ###.....     67%         5    ######.


Dungeon Overview and Level Annotations

Branches:
Dungeon (2/15)

Altars:


Innate Abilities, Weirdness & Mutations

You are resistant to damage.
You can heal yourself by infusing magical energy.
You passively map a small area around you.
You do not regenerate.


Message History

You barely miss the scorpion.
The scorpion is heavily wounded.
The scorpion barely misses you. The hobgoblin barely misses you.
You barely miss the scorpion.
The scorpion is heavily wounded.
The scorpion closely misses you. The hobgoblin barely misses you.
The scorpion closely misses you.
You barely miss the scorpion.
The scorpion is heavily wounded.
The hobgoblin hits you with a +0 club.
* * * LOW HITPOINT WARNING * * *
The worm completely misses you. The scorpion barely misses you.
You hit the scorpion.
The scorpion is severely wounded.
The hobgoblin closely misses you. The scorpion closely misses you.
You closely miss the scorpion.
The scorpion is severely wounded.
The hobgoblin hits you but does no damage.
The worm bites you but does no damage. The scorpion stings you.
You die...

.....s....##...# , ,
...# #.......# * #..#
#.###..># *,* #..#
#......## * *
#..####.###### ,* , .
###...[...##### **
#..#####...............,
#.......s..)####.######,
* #......@g$..# #.# * *
...#####w#..# #.# * * *
...#..# ... , , ,
.####.... ..#* * .
,,...### ## , * #### **
* * , , , * *


You could see a worm, a scorpion and a hobgoblin.

Vanquished Creatures
  A leopard gecko (D:2)
  A giant cockroach (D:1)
  2 goblins (D:1)
  3 hobgoblins (D:1)
  A quokka (D:2)
  A ball python (D:1)
  6 bats
  A frilled lizard (D:1)
  4 kobolds (D:1)
  4 rats (D:1)
24 creatures vanquished.

Notes
Turn   | Place    | Note
-------+----------+-------------------------------------------
     0 | D:1      | Destapler the Deep Dwarf Necromancer began the quest for
                  | the Orb.
     0 | D:1      | Reached XP level 1. HP: 15/15 MP: 3/3
   349 | D:1      | Reached XP level 2. HP: 17/22 MP: 1/5
  1250 | D:2      | Noticed a scorpion
  1273 | D:2      | HP: 1/22 [hobgoblin/+0 club (2)]
  1275 | D:2      | Slain by a scorpion

Illustrated notes

Levels and vault maps discovered:
D:1:      evilmike_arrival_hilbert_curve, layout_rooms, nrook_mini_vaults,
          kennysheep_boxes
D:2:      layout_loops_ring, st_stairs_4

Skill      XL: |  1  2 |
---------------+-------+-----
Spellcasting   | 2 3 |  3.0
Dodging        | |  2.1
Stealth        | |  2.4
Necromancy     | |  4.3

Action                   || total
-------------------------++-------
Melee: Unarmed           ||     5
       Whip              ||    25
       Club              ||    16
 Cast: Pain              ||    48
 Abil: Heal Wounds       ||     1
 Stab: Sleeping          ||     1
  Eat: Chunk             ||     1
Armor: Robe              ||    24
Dodge: Dodged            ||    60
